 Dungeon Crawl Stone Soup version 0.31-a0-844-gdc52ec4e09 (webtiles) character file.

Game seed: 18429930514141474561

246 Ethylacetat the Changeling (level 6, -4/31 HPs)
             Began as a Vine Stalker Shapeshifter on Sept 28, 2023.
             Was a Follower of Uskayaw.
             Incinerated by a smoke demon (8 damage)
             ... with a sticky flame
             ... on level 3 of the Dungeon.
             The game lasted 00:05:25 (2370 turns).

Ethylacetat the Changeling (VSSh)                   Turns: 2370, Time: 00:05:26

Health: -4/31      AC:  4    Str: 16    XL:     6   Next: 11%
Magic:  0/7        EV: 13    Int: 10    God:    Uskayaw [*.....]
Gold:   49         SH:  0    Dex: 16    Spells: 5/5 levels left

rFire   . .          .
                       - Unarmed
rCold   . . .        (no shield)
rNeg    . . .        (no body armour)
rPois   .            (helmet currently unavailable)
rElec   .            (cloak currently unavailable)
rCorr   .            (gloves currently unavailable)
SInv    .            (boots currently unavailable)
Will    .....        l - amulet of faith
Stlth   +            f - +4 ring of protection
HPRegen 1.05/turn    (no ring)
MPRegen 0.10/turn

%: guardian spirit, faith
@: on fire, about to teleport, beast-form, glowing
A: beast (slay +2), fangs 2, regeneration 1, magic shield, antimagic bite, no
potion heal 2
a: Begin Untransformation, Renounce Religion, Stomp


You were on level 3 of the Dungeon.
You worshipped Uskayaw.
Uskayaw was noncommittal.
You were a hulking beast.
You visited 1 branch of the dungeon, and saw 3 of its levels.

You collected 49 gold pieces.

Inventory:

Armour
 m - a scarf of repulsion
Jewellery
 f - a +4 ring of protection (left hand)
 l - an amulet of faith (around neck)
Talismans
 c - a beast talisman (active)
 d - a flux talisman
Wands
 p - a wand of flame (23)
Scrolls
 a - 2 scrolls of amnesia
 g - 2 scrolls of identify
Potions
 b - a potion of lignification
 e - a potion of attraction {unknown}
 j - 3 potions of curing {unknown}
 n - a potion of ambrosia {unknown}
 q - a potion of haste {unknown}


   Skills:
 + Level 2.3 Fighting
 + Level 2.6 Dodging
 + Level 4.0 Unarmed Combat
 + Level 0.0 Spellcasting
 * Level 0.0 Invocations
 * Level 4.5 Shapeshifting


You had 5 spell levels left.
You didn't know any spells.
Your spell library was empty.

Dungeon Overview and Level Annotations

Branches:
Dungeon (3/15)

Altars:
Nemelex Xobeh
Uskayaw


Innate Abilities, Weirdness & Mutations

You are a hulking beast.
Your limbs bulge with bestial killing power. (Slay +2)
You have extremely sharp teeth.
Your natural rate of healing is unusually fast.
When hurt, damage is shared between your health and your magic reserves.
Your bite disrupts and absorbs the magic of your enemies.
Potions cannot restore your health.


Message History

Items here: ))))) ††.
There is an open door, spattered with blood here.
Items here: ))))) ††.
Items here: ))) †††.
Nemelex Xobeh makes you draw from the deck of Punishment.
You draw a card...
You have drawn Wrath.
Makhleb sends a minion to punish you.
A smoke demon comes into view.
A smoke demon is nearby!
As you read the scroll labelled JOH PANNEAS PEDI, it crumbles to dust.
It is a scroll of identify.
a - 2 scrolls of amnesia
As you read the scroll labelled AJUPOC GU HYCS, it crumbles to dust.
The creatures around you are filled with an inner flame!
It was a scroll of immolation.
The smoke demon gestures at you. The ball of steam hits you!
The smoke demon gestures at you. Makhleb smites you!
* * * LOW HITPOINT WARNING * * *
Blink to where?
Press: ? - help, Dir - move target
As you read the scroll labelled QEGOUWI BISH, it crumbles to dust.
It was a scroll of blinking.
You close the door, pushing everything out of the way.
Things that are here:
a +0 club; a hobgoblin corpse
As you read the scroll labelled EBUMIMM WYURCH, it crumbles to dust.
You hear a loud clanging noise!
It was a scroll of noise.
A smoke demon breaks down the door.
As you read the scroll labelled RIMILO TIBA, it crumbles to dust.
You feel strangely unstable.
It was a scroll of teleportation.
The smoke demon gestures at you. The sticky flame hits you.
You are covered in liquid flames!
* * * LOW HITPOINT WARNING * * *
You are covered in liquid flames!
* * * LOW HITPOINT WARNING * * *
You are covered in liquid flames!
You die...

#.).#.......###...
##)##..).....#....
#...........#....
#...........'....
#))....)....#....
##3##..).....#.... ≈≈≈≈
#)))#.......###...
≈≈≈≈≈≈#...#......## ##..
≈≈≈≈≈≈#h..##############
≈≈≈≈≈≈≈#####≈≈≈≈≈≈≈≈≈≈≈≈
≈≈≈≈≈≈≈≈≈≈≈≈≈≈≈≈~≈≈≈≈≈≈≈
≈≈~~~~≈~~≈~~~~~~~~~~~≈≈~
~~.~~~~~.~.~.~~...~.~~~.
.......................
............†..........
#####.#.#######.....#.
#............###..#


You could see a smoke demon (inner flame).

Vanquished Creatures
  Crazy Yiuf (D:2)
  An iguana (D:2)
  Jessica (D:3)
  7 gnolls (D:3)
  2 adders (D:2)
  A dart slug (D:2)
  6 bats
  6 endoplasms
  2 giant cockroaches (D:1)
  14 goblins
  12 hobgoblins
  2 quokkas
  3 ball pythons
  6 frilled lizards
  8 kobolds
  7 rats
79 creatures vanquished.

Notes
Turn   | Place    | Note
-------+----------+-------------------------------------------
     0 | D:1      | Ethylacetat the Vine Stalker Shapeshifter began the quest
                  | for the Orb.
     0 | D:1      | Reached XP level 1. HP: 9/9 MP: 2/2
   127 | D:1      | Reached skill level 1 in Fighting
   152 | D:1      | Reached XP level 2. HP: 14/14 MP: 3/3
   325 | D:1      | Found a faded altar of an unknown god.
   349 | D:1      | Prayed at the altar of an unknown god.
   349 | D:1      | Became a worshipper of Nemelex Xobeh the Trickster
   349 | D:1      | Reached * piety under Nemelex Xobeh
   384 | D:1      | Received a gift from Nemelex Xobeh
   884 | D:2      | Reached XP level 3. HP: 18/18 MP: 4/4
  1093 | D:2      | Found a runed translucent door.
  1094 | D:2      | Noticed Crazy Yiuf
  1185 | D:2      | Reached XP level 4. HP: 22/22 MP: 5/5
  1402 | D:2      | Reached ** piety under Nemelex Xobeh
  1441 | D:2      | Received a gift from Nemelex Xobeh
  1626 | D:2      | Killed Crazy Yiuf
  1685 | D:3      | Noticed a +0 dagger
  1685 | D:3      | Noticed a +0 dagger
  1685 | D:3      | Found a hide-covered altar of Uskayaw.
  1696 | D:3      | Fell from the grace of Nemelex Xobeh
  1696 | D:3      | Became a worshipper of Uskayaw the Reveller
  1803 | D:3      | Reached * piety under Uskayaw
  1874 | D:3      | Reached XP level 5. HP: 26/26 MP: 6/6
  1965 | D:3      | Noticed Jessica
  1972 | D:3      | Reached ** piety under Uskayaw
  1979 | D:3      | Killed Jessica
  2305 | D:3      | Reached *** piety under Uskayaw
  2307 | D:3      | Reached **** piety under Uskayaw
  2318 | D:3      | Reached ***** piety under Uskayaw
  2322 | D:3      | Reached XP level 6. HP: 25/31 MP: 7/7
  2333 | D:3      | Reached ****** piety under Uskayaw
  2362 | D:3      | Noticed a smoke demon
  2370 | D:3      | Incinerated by a smoke demon

Illustrated notes

Levels and vault maps discovered:
D:1:      sevenhm_arrival_forest_fort_large_2, layout_basic,
          hellmonk_ecumenical_altar_slurped_away, ebering_dispersal_statue_hall
D:2:      layout_loops_ring, uniq_crazy_yiuf_cottage
D:3:      minmay_goblin_kobold_castle, layout_loops_ring,
          dancing_weapons_uskayaw, feat_on_display, uniq_jessica

Skill      XL: |  1  2  3  4  5  6 |
---------------+-------------------+-----
Fighting       | 1 2 |  2.3
Dodging        | 2 |  2.6
Shapeshifting  | 4 |  4.5
Unarmed Combat | 4 |  4.0

Action                     |  1- 3 |  4- 6 || total
---------------------------+-------+-------++-------
  Melee: Unarmed           |    64 |   110 ||   174
         Bite              |     7 |    23 ||    30
         Punch             |     4 |     6 ||    10
    Use: Scroll            |       |     5 ||     5
   Stab: Sleeping          |     1 |       ||     1
 Armour: Skin              |    29 |    80 ||   109
  Dodge: Dodged            |    27 |    83 ||   110

Table legend: (Time is in decaauts)
 A = Elapsed time spent in this place.
 B = Non-inter-level travel time spent in this place.
 C = Inter-level travel time spent in this place.
 D = Time resting spent in this place.
 E = Time spent auto-exploring this place.
 F = Levels seen in this place.
 G = Mean time per level.
                   A        B        C        D        E       F      G
               +--------+--------+--------+--------+--------+-----+--------+
         Total |   2363 |   2299 |     64 |      0 |   1837 |   3 |  787.7 |
       Dungeon |   2363 |   2299 |     64 |      0 |   1837 |   3 |  787.7 |
               +--------+--------+--------+--------+--------+-----+--------+

Top non-repeatable levels by time:
     D:1: 850 daAuts
     D:2: 829 daAuts
     D:3: 684 daAuts
